Map: Dusk Towers

Players

SKHOT

  • Race: Protoss Protoss
  • League: Diamond

llllllllllll - Winner!

  • Race: Terran Terran
  • League: Grandmaster

Event: Gauntlet LotV Series 1 Qualifier 2

VOD

Have the link to the VOD?

Description

Time

  • Played on: Dec. 5, 2015, 1:32 p.m.
  • Length: 5:27
Show
View Real Time Build Order
Export as new Build Order

SKHOT Protoss 

Build Orders: 1 Gate Expand 

Get SALT Encoding   

  12  0:01  Probe (Chrono Boost)  
  13  0:12  Probe (Chrono Boost)  
  14  0:19  Pylon  
  14  0:23  Probe (Chrono Boost)  
  15  0:37  Probe (Chrono Boost), Gateway  
  16  0:47  Probe (Chrono Boost)  
  17  0:50  Assimilator  
  17  0:58  Probe (Chrono Boost)  
  18  1:16  Nexus  
  19  1:26  Cybernetics Core  
  19  1:30  Probe (Chrono Boost)  
  19  1:38  Assimilator  
  19  1:43  Probe (Chrono Boost)  
  20  1:48  Pylon  
  21  1:54  Probe (Chrono Boost)  
  21  2:03  Adept  
  21  2:04  Warp Gate  
  21  2:07  Probe (Chrono Boost)  
  24  2:17  Probe (Chrono Boost)  
  24  2:20  Gateway  
  25  2:28  Probe (Chrono Boost)  
  26  2:39  Probe x2 (Chrono Boost)  
  26  2:47  Adept  
  26  2:49  Probe (Chrono Boost)  
  26  2:50  Probe (Chrono Boost)  
  30  2:58  Robotics Facility  
  30  3:00  Probe (Chrono Boost)  
  30  3:01  Mothership Core (Chrono Boost)  
  33  3:12  Probe (Chrono Boost)  
  35  3:20  Probe (Chrono Boost)  
  35  3:23  Probe (Chrono Boost), Assimilator  
  35  3:24  Pylon  
  36  3:30  Probe (Chrono Boost)  
  36  3:33  Probe (Chrono Boost)  
  38  3:36  Twilight Council  
  38  3:40  Probe (Chrono Boost)  
  39  3:44  Probe (Chrono Boost)  
  39  3:45  Warp Prism (Chrono Boost)  
  42  3:50  Probe  
  43  3:58  Probe  
  43  4:00  Probe  
  45  4:10  Probe, Forge  
  45  4:13  Dark Shrine  
  45  4:15  Gateway  
  46  4:19  Probe  
  46  4:23  Probe, Observer (Chrono Boost)  
  49  4:31  Probe, Assimilator  
  49  4:35  Probe  
  51  4:43  Pylon  
  51  4:44  Probe  
  52  4:47  Probe  
  53  4:53  Pylon  
  53  4:54  Pylon  
  53  4:56  Probe  
  53  4:59  Pylon  
  54  5:02  Adept x2  
  58  5:07  Gateway  
Show
View Real Time Build Order
Export as new Build Order

llllllllllll Terran - Winner!

Build Orders: Reaper Expand 

Get SALT Encoding   

  12  0:00  SCV  
  13  0:13  SCV  
  14  0:17  Supply Depot  
  14  0:25  SCV  
  15  0:39  SCV  
  15  0:41  Barracks  
  16  0:46  Refinery  
  16  0:51  SCV  
  17  1:03  SCV  
  18  1:15  SCV  
  19  1:28  Orbital Command  
  19  1:30  Reaper  
  20  1:41  Command Center  
  20  1:52  Barracks  
  20  1:55  SCV  
  21  2:05  Supply Depot  
  21  2:09  SCV  
  21  2:10  Barracks Reactor  
  22  2:21  SCV, Refinery  
  23  2:27  Bunker  
  23  2:33  SCV  
  24  2:45  SCV  
  24  2:47  Marine  
  24  2:48  Barracks Tech Lab, Marine  
  27  2:54  Orbital Command  
  27  2:58  SCV  
  28  3:05  Marine  
  28  3:07  Marine  
  28  3:08  Stimpack  
  28  3:10  SCV  
  28  3:12  Factory  
  31  3:15  Marine  
  32  3:21  SCV  
  32  3:22  SCV  
  32  3:23  Marine  
  35  3:28  Supply Depot, Marine  
  35  3:33  SCV  
  38  3:34  SCV  
  38  3:36  Marine  
  38  3:43  Marine  
  38  3:46  SCV x2  
  38  3:47  Marine  
  42  3:54  Marine  
  43  3:55  Widow Mine  
  43  3:57  Supply Depot  
  43  3:58  SCV, Starport  
  43  4:00  SCV  
  47  4:03  Marine  
  47  4:06  Marine  
  49  4:10  Engineering Bay  
  49  4:12  Marine  
  49  4:14  SCV  
  51  4:18  SCV  
  51  4:24  Supply Depot, Widow Mine  
  52  4:26  SCV  
  52  4:30  SCV  
  56  4:31  Marine x2  
  59  4:38  SCV  
  59  4:41  Starport Reactor  
  59  4:42  Missile Turret  
  59  4:44  Missile Turret  
  59  4:47  SCV  
  59  4:49  Missile Turret, Marauder  
  59  4:51  SCV  
  63  4:53  Marine  
  63  4:54  Marine  
  63  4:59  Supply Depot  
  65  5:02  SCV  
  65  5:05  SCV  
  65  5:06  Refinery  
Tags
 
Add a new tag
Caveats
  • Supply blocks, unpowered buildings, or Contaminate may cause inaccurate times.
  • Supply counts are checked every 10 seconds.